 Dungeon Crawl Stone Soup version 0.30-a0-651-g0755cc6dcf (console) character file.

Game seed: 3828821315604088319

1044 Lightli the Conjurer (level 7, -16/53 HPs)
             Began as a Demigod Reaver on Jan 18, 2023.
             Demolished by an ogre
             ... wielding a +0 giant club
              (20 damage)
             ... on level 5 of the Dungeon on Jan 21, 2023.
             The game lasted 00:11:48 (4755 turns).

Lightli the Conjurer (Demigod Reaver)               Turns: 4755, Time: 00:11:49

Health: -16/53     AC:  6    Str: 13    XL:     7   Next: 75%
Magic:  19/19      EV: 11    Int: 23    God:
Gold:   163        SH:  0    Dex: 12    Spells: 10/18 levels left

rFire   . . .      SeeInvis .    a - +2 mace (holy)
rCold   . . .      Faith    .    (no shield)
rNeg    . . .      Spirit   .    b - +0 leather armour
rPois   .          Reflect  .    (no helmet)
rElec   .          Harm     +    d - scarf {harm}
rCorr   .          Rampage  .    (no gloves)
Will    +....                    r - +2 pair of boots
Stlth   +                        (no amulet)
HPRegen 0.28/turn                l - ring of willpower
MPRegen 0.16/turn                p - ring of wizardry

@: no status effects
A: high MP 1, forlorn, divine attributes
a: no special abilities


You were on level 5 of the Dungeon.
You visited 1 branch of the dungeon, and saw 5 of its levels.

You collected 163 gold pieces.

Inventory:

Hand Weapons
 a - a +2 mace of holy wrath (weapon)
Armour
 b - a +0 leather armour (worn)
 d - a scarf of harm (worn)
 r - a +2 pair of boots (worn)
Jewellery
 l - a ring of willpower (left hand)
 p - a ring of wizardry (right hand)
Wands
 g - a wand of flame (55)
Scrolls
 e - 7 scrolls of teleportation
 h - 2 scrolls of blinking {unknown}
 i - a scroll of fear {unknown}
 j - a scroll of fog {unknown}
 k - 2 scrolls of vulnerability
 n - a scroll of poison {unknown}
 o - a scroll of noise {unknown}
 s - a scroll of amnesia
Potions
 c - a potion of ambrosia
 f - 2 potions of curing
 m - 2 potions of attraction
 q - a potion of resistance
 t - a potion of might {unknown}


   Skills:
 - Level 1.7 Fighting
 - Level 2.6 Maces & Flails
 - Level 1.7 Dodging
 - Level 6.0 Spellcasting
 + Level 6.4 Conjurations


You had 10 spell levels left.
You knew the following spells:

 Your Spells              Type           Power      Damage    Failure   Level
a - Kiss of Death         Conj/Necr      84%        2d11      1%          1
b - Searing Ray           Conj           72%        2d7       1%          2
c - Quicksilver Bolt      Conj           18%        6d6       9%          5

Your spell library contained the following spells:

 Spells                   Type           Power      Damage    Failure   Level
 Momentum Strike          Conj/Tloc      42%        3d9       1%          2
 Hailstorm                Conj/Ice       21%        3d6       3%          3


Dungeon Overview and Level Annotations

Branches:
Dungeon (5/15)             Temple (0/1) D:5

Shops:
D:3 ?

Annotations:
D:5 2 transporters, fly's ghost, weakling DgDe


Innate Abilities, Weirdness & Mutations

You have an increased reservoir of magic. (+10% MP)
You shall have no god before yourself.
Your divine heritage dramatically boosts your attributes as you level up.


Message History

Found a transporter.
You see here a scarf of harm.
d - a scarf of harm You start putting on your armour.
You continue putting on your scarf of harm. x4
You finish putting on your scarf of harm.
Casting: Searing Ray (safe; 1% risk of failure)
Confirm with . or Enter, or press ? or * to list all spells.
Okay, then.
Unknown command.
Fly's ghost turns its malevolent gaze towards you.
Fly's ghost whispers, "Death is liberation."
t - a red potion
Found 8 stones.
You now have 163 gold pieces (gained 13).
You see here 8 stones.
A scorpion comes into view.
The searing ray hits the scorpion but does no damage. (Press . to maintain the ray.)
The searing ray hits the scorpion!
The scorpion is heavily wounded.
The searing ray hits the scorpion!
You kill the scorpion!
Found a transporter.
An ogre comes into view. It is wielding a +0 giant club.
The ogre shouts!
You hit the ogre.
The ogre is lightly wounded.
The ogre hits you with a +0 giant club!!
You hit the ogre but do no damage.
The ogre is lightly wounded.
The ogre hits you with a +0 giant club!!
* * * LOW HITPOINT WARNING * * *
You hit the ogre.
The ogre is moderately wounded.
The ogre closely misses you.
You hit the ogre.
The ogre is heavily wounded.
The ogre hits you with a +0 giant club!
You die...

.........##.##...#..#8...8#..#..#
.8...............#..##...##..#..#
⌠.............#..#.....©.....#..#
.8..........###..#..##..W##..#..#
⌠............##..#..#8...8#..#...
)8.#..........#..#..##...##..#...
...##........##..#...........#...
.#####..........O#©.Z.$Z.....#...
#.####.(...####.@#############...
........#### #........©........#
#..#.....######.................#
#####.....##.###.#.......########
.##....#...#............##
.###...##...............#
.##.....#..............##
.#..##..##>........#...#
...................#####


You could see an ogre.

Vanquished Creatures
  Grinder (D:4)
  Duvessa (D:4)
  A black bear (D:4)
  An ogre (D:5)
  A scorpion (D:5)
  Dowan (D:4)
  3 hounds (D:5)
  An orc priest (D:5)
  5 iguanas
  An orc wizard (D:5)
  7 adders
  3 gnolls (D:3)
  5 worms
  4 dart slugs
  3 orcs (D:5)
  12 ball pythons
  6 endoplasms
  4 giant cockroaches
  6 hobgoblins
  7 jackals
  2 quokkas
  6 bats
  A frilled lizard (D:1)
  3 goblins
  5 kobolds
  6 rats
96 creatures vanquished.

Notes
Turn   | Place    | Note
-------+----------+-------------------------------------------
     0 | D:1      | Lightli the Demigod Reaver began the quest for the Orb.
     0 | D:1      | Reached XP level 1. HP: 17/17 MP: 5/5
   319 | D:1      | Reached XP level 2. HP: 21/24 MP: 7/7
   322 | D:1      | Learned a level 2 spell: Searing Ray
  1147 | D:2      | Reached XP level 3. HP: 29/29 MP: 5/8
  1813 | D:3      | Found Cuutt's Magic Scroll Shop.
  2159 | D:3      | Reached XP level 4. HP: 30/36 MP: 6/9
  2483 | D:3      | Reached skill level 5 in Conjurations
  2800 | D:3      | Reached XP level 5. HP: 41/41 MP: 10/10
  2941 | D:4      | Noticed Duvessa
  3112 | D:4      | Noticed Grinder
  3135 | D:4      | Killed Grinder
  3136 | D:4      | Reached XP level 6. HP: 25/48 MP: 0/13
  3487 | D:4      | Noticed Dowan
  3501 | D:4      | Learned a level 5 spell: Quicksilver Bolt
  3506 | D:4      | Killed Dowan
  3657 | D:4      | Killed Duvessa
  3658 | D:4      | Reached XP level 7. HP: 46/53 MP: 0/17
  3950 | D:5      | Entered Level 5 of the Dungeon
  4019 | D:5      | Found a staircase to the Ecumenical Temple.
  4040 | D:5      | Reached skill level 5 in Spellcasting
  4619 | D:5      | Found a transporter.
  4630 | D:5      | Noticed fly's ghost (weakling DgDe)
  4743 | D:5      | Found a transporter.
  4755 | D:5      | Demolished by an ogre

Illustrated notes

Levels and vault maps discovered:
D:1:      dpeg_arrival_erosion, layout_basic
D:2:      layout_basic, ebering_ecumenical_altar_abandoned, due_unseen_surprise
D:3:      layout_loops_corners, nicolae_sif_muna_condensation, serial_shops,
          shop
D:4:      layout_cave_pools, slow_altar_1, nicolae_wu_jian_immortal_techniques,
          uniq_duvessa, uniq_grinder
D:5:      layout_cave_pools, minmay_temple_entry_statues_fountains,
          gammafunk_ghost_mausoleum, minivault_19

Skill      XL: |  1  2  3  4  5  6  7 |
---------------+----------------------+-----
Conjurations   | 3 4 5 6 |  6.4
Spellcasting   | 3 4 6 |  6.0
Fighting       | |  1.7
Maces & Flails | |  2.6
Dodging        | |  1.7

Action                   |  1- 3 |  4- 6 |  7- 9 || total
-------------------------+-------+-------+-------++-------
Melee: Mace              |    79 |    19 |    25 ||   123
       Punch             |     2 |       |     1 ||     3
 Cast: Searing Ray       |    24 |    17 |    10 ||    51
       Quicksilver Bolt  |       |     4 |     3 ||     7
  Use: Scroll            |     3 |       |     4 ||     7
       Potion            |       |       |     1 ||     1
Armor: Leather armour    |    41 |     8 |    17 ||    66
Dodge: Dodged            |    72 |    20 |    24 ||   116

Table legend: (Time is in decaauts)
 A = Elapsed time spent in this place.
 B = Non-inter-level travel time spent in this place.
 C = Inter-level travel time spent in this place.
 D = Time resting spent in this place.
 E = Time spent auto-exploring this place.
 F = Levels seen in this place.
 G = Mean time per level.
                   A        B        C        D        E       F      G
               +--------+--------+--------+--------+--------+-----+--------+
         Total |   4785 |   4630 |    155 |    316 |   3658 |   5 |  957.0 |
       Dungeon |   4785 |   4630 |    155 |    316 |   3658 |   5 |  957.0 |
               +--------+--------+--------+--------+--------+-----+--------+

Top non-repeatable levels by time:
     D:3: 1276 daAuts
     D:4: 1002 daAuts
     D:2: 893 daAuts
     D:5: 810 daAuts
     D:1: 802 daAuts
